 Seeded DCSS version 0.29-a0-1047-g7c58e119a4 (webtiles) character file.

Game seed: 14946996236515994100 (custom seed)

303 flotson the Sneak (level 6, -6/48 HPs)
             Began as a Demonspawn Delver on Aug 16, 2022.
             Was an Initiate of Gozag.
             Mangled by an ogre
             ... wielding a +0 giant club
              (34 damage)
             ... on level 4 of the Dungeon.
             The game lasted 00:03:19 (3543 turns).

flotson the Sneak (Demonspawn Delver)               Turns: 3543, Time: 00:03:21

Health: -6/48      AC:  6    Str: 15    XL:     6   Next: 15%
Magic:  6/6        EV: 11    Int: 11    God:    Gozag
Gold:   270        SH:  4    Dex: 14    Spells: 5/5 levels left

rFire   . . .      SeeInvis .   h - +0 quarterstaff
rCold   . . .      Faith    .   (shield currently unavailable)
rNeg    . . .      Spirit   .   t - +0 ring mail
rPois   .          Reflect  .   (no helmet)
rElec   .          Harm     .   (no cloak)
rCorr   .          Rampage  +   (no gloves)
Will    .....                   j - +0 pair of boots {rampage}
Stlth   ++........              (no amulet)
HPRegen 0.16/turn               (no ring)
MPRegen 0.10/turn               (no ring)

@: gold aura
A: hooves 2, spiny 1, condensation shield
a: Renounce Religion, Potion Petition, Call Merchant, Bribe Branch


You were on level 4 of the Dungeon.
You worshipped Gozag.
Gozag was aware of your devotion.
You visited 1 branch of the dungeon, and saw 5 of its levels.

You collected 349 gold pieces.
You paid 79 gold pieces to Gozag.

Inventory:

Hand Weapons
 a - a +0 hand axe
 h - a +0 quarterstaff (weapon)
Missiles
 l - 7 poisoned darts (quivered)
 s - 2 javelins
Armour
 j - a +0 pair of boots of rampaging (worn)
 t - a +0 ring mail (worn)
 u - a +0 buckler
Jewellery
 m - a ring of fire
Wands
 g - a wand of digging (3)
Scrolls
 c - a scroll of fog
 d - 2 scrolls of magic mapping
 e - a scroll of fear
 i - a scroll of amnesia {unknown}
 k - a scroll of noise {unknown}
 n - a scroll of blinking {unknown}
 q - 2 scrolls of teleportation {unknown}
 r - a scroll of poison {unknown}
Potions
 b - a potion of curing {unknown}
 f - a potion of haste
 o - a potion of magic {unknown}
 p - a potion of might {unknown}


   Skills:
 + Level 4.0 Fighting
 - Level 1.7 Axes
 + Level 2.1 Throwing
 + Level 2.3 Armour
 + Level 3.1 Dodging
 - Level 4.5 Stealth
 + Level 2.4 Evocations


You had 5 spell levels left.
You didn't know any spells.
Your spell library contained the following spells:

 Spells                   Type           Power      Damage    Failure   Level
 Magic Dart               Conj           0%         1d3       56%         1
 Sandblast                Erth           0%         2d4       56%         1
 Call Imp                 Summ           0%         N/A       71%         2
 Passwall                 Tmut/Erth      0%         N/A       71%         2
 Searing Ray              Conj           0%         2d4       71%         2
 Mephitic Cloud           Conj/Pois/Air  0%         N/A       90%         3
 Stone Arrow              Conj/Erth      0%         3d7       90%         3
 Fulminant Prism          Conj/Hex       0%         3d6       100%        4


Dungeon Overview and Level Annotations

Branches:
Dungeon (5/15)
 Temple: D:4-7

Altars:
Cheibriados
Dithmenos
Gozag
Nemelex Xobeh
Qazlal

Shops:
D:2 :


Innate Abilities, Weirdness & Mutations

You have hoof-like feet.
You are partially covered in sharp spines.
A meltable shield of frost defends you. (SH +4)


Message History

No target in view!
No target in view!
No target in view!
No target in view!
A hobgoblin is nearby!
The hobgoblin shouts!
The hobgoblin barely misses you.
You see here 6 gold pieces.
You hit the hobgoblin.
The hobgoblin is almost dead.
The hobgoblin misses you.
You barely miss the hobgoblin.
The hobgoblin is almost dead.
The hobgoblin is struck by your spines.
You kill the hobgoblin!
You hit the ogre.
The ogre is moderately wounded.
The ogre is struck by your spines. The ogre closely misses you.
The orc hits you but does no damage.
You hit the ogre.
The ogre is heavily wounded.
The ogre hits you with a +0 giant club! You block the orc's attack.
You thump the ogre!
The ogre is almost dead.
The ogre is struck by your spines. The ogre barely misses you.
The orc barely misses you. The orc attacks as you move away!
The orc hits you with a +0 hand axe.
You see here 4 gold pieces.
You sock the orc!
You kill the orc!
You barely miss the ogre.
The ogre is almost dead.
You block the ogre's attack.
You barely miss the ogre.
The ogre is almost dead.
The ogre is struck by your spines.
The ogre hits you with a +0 giant club!!
Ouch! That really hurt!
You die...
Your body crumbles into a pile of gold.

#.#.##.....ยง........#
#.#..#................#
#.##.##.#...........#..
#.##.##.#####...##### #
#.......# #...#
####.#### #...# #.#
#...# #.# ####$####
####.# #....O@.#
...).### #.##.##.##
####...####.##.#.#.#####
#........##..###....#
#...###..###..#O..#.###
##.## #.......<#..#...#
#.# ##.......#..###o#
#.# ####.......# #.####
#.# #.####### #.g..#


You could see an ogre.

Vanquished Creatures
  A black bear (D:4)
  A necrophage (D:4)
  A gnoll bouda (D:4)
  3 gnolls (D:4)
  3 adders
  A shadow imp (D:4)
  A worm (D:2)
  A dart slug (D:3)
  2 orcs
  6 endoplasms
  3 giant cockroaches
  7 hobgoblins
  2 jackals (D:2)
  4 kobolds
  3 quokkas
  A ball python (D:3)
  7 bats
  A rat (D:1)
48 creatures vanquished.

Notes
Turn   | Place    | Note
-------+----------+-------------------------------------------
     0 | D:5      | flotson the Demonspawn Delver began the quest for the Orb.
     0 | D:5      | Reached XP level 1. HP: 18/18 MP: 1/1
    83 | D:2      | Found a stormy altar of Qazlal.
   883 | D:1      | Gained mutation: You have large cloven feet. [demonic
                  | ancestry]
   883 | D:1      | Reached XP level 2. HP: 24/24 MP: 2/2
  1306 | D:2      | Found a faded altar of an unknown god.
  1481 | D:2      | Reached skill level 1 in Evocations
  1509 | D:2      | Reached skill level 1 in Armour
  1648 | D:2      | Gained mutation: You are partially covered in sharp spines.
                  | [demonic ancestry]
  1648 | D:2      | Reached XP level 3. HP: 27/29 MP: 3/3
  1855 | D:2      | Found Romiu's Book Shop.
  2313 | D:3      | Found an opulent altar of Gozag.
  2325 | D:3      | Became a worshipper of Gozag Ym Sagoz the Greedy
  2650 | D:3      | Found a shadowy altar of Dithmenos.
  2735 | D:3      | Reached skill level 1 in Throwing
  2821 | D:4      | Noticed a necrophage
  2827 | D:4      | Killed a necrophage
  2828 | D:4      | Gained mutation: A meltable shield of frost defends you.
                  | (SH +4) [demonic ancestry]
  2828 | D:4      | Reached XP level 4. HP: 33/37 MP: 4/4
  2924 | D:4      | Found a snail-covered altar of Cheibriados.
  2960 | D:4      | Reached XP level 5. HP: 42/42 MP: 5/5
  2967 | D:4      | Noticed a black bear
  2975 | D:4      | Killed a black bear
  3059 | D:4      | Found a sparkling altar of Nemelex Xobeh.
  3192 | D:4      | Gained mutation: You have hoof-like feet. [demonic
                  | ancestry]
  3192 | D:4      | Reached XP level 6. HP: 30/48 MP: 6/6
  3543 | D:4      | Mangled by an ogre

Illustrated notes

Levels and vault maps discovered:
D:1:      tarquinn_simple_flora_water_e, layout_basic
D:2:      layout_rooms, ebering_ecumenical_altar_abandoned, serial_shops,
          nicolae_shop_hallway_plus, basic_altar, kennysheep_cluttered_room
D:3:      layout_loops_cross, mainiacjoe_overflow_cross_hatched,
          lemuel_coloured_pillars_altar
D:4:      layout_loops_cross, mainiacjoe_overflow_six_doors_small,
          mainiacjoe_overflow_brackets, minmay_manual_moon
D:5:      cheibrodos_barr_body, layout_loops_cross,
          minmay_temple_entry_butterflies, kennysheep_generic_room_15

Skill      XL: |  1  2  3  4  5 |
---------------+----------------+-----
Dodging        | 2 3 |  3.1
Evocations     | 1 2 |  2.4
Armour         | 1 2 |  2.3
Throwing       | 1 2 |  2.1
Fighting       | 4 |  4.0
Axes           | |  1.7
Stealth        | |  4.5

Action                   |  1- 3 |  4- 6 || total
-------------------------+-------+-------++-------
Melee: Quarterstaff      |    83 |    54 ||   137
       Hand axe          |     3 |       ||     3
 Stab: Sleeping          |     5 |       ||     5
Armor: Chain mail        |    36 |       ||    36
       Leather armour    |     6 |       ||     6
       Ring mail         |     6 |    18 ||    24
Dodge: Dodged            |    33 |    31 ||    64
Block: Other             |       |     9 ||     9

Table legend: (Time is in decaauts)
 A = Elapsed time spent in this place.
 B = Non-inter-level travel time spent in this place.
 C = Inter-level travel time spent in this place.
 D = Time resting spent in this place.
 E = Time spent auto-exploring this place.
 F = Levels seen in this place.
 G = Mean time per level.
                   A        B        C        D        E       F      G
               +--------+--------+--------+--------+--------+-----+--------+
         Total |   3583 |   3392 |    191 |      0 |   2958 |   5 |  716.6 |
       Dungeon |   3583 |   3392 |    191 |      0 |   2958 |   5 |  716.6 |
               +--------+--------+--------+--------+--------+-----+--------+

Top non-repeatable levels by time:
     D:1: 1198 daAuts
     D:2: 819 daAuts
     D:3: 791 daAuts
     D:4: 734 daAuts
     D:5: 40 daAuts
